 Dungeon Crawl Stone Soup version 0.30.1-11-g7821555f0a (webtiles) character file.

Game seed: 5389183705375112906

23923 monsoonserge the Nimble (level 13, -15/76 HPs)
             Began as a Tengu Reaver on Jan 12, 2024.
             Was a High Priest of Okawaru.
             Demolished by a skyshark (17 damage)
             ... on level 2 of the Lair of Beasts.
             The game lasted 00:51:55 (14113 turns).

monsoonserge the Nimble (Tengu Reaver)             Turns: 14113, Time: 00:51:55

Health: -15/76     AC:  9    Str: 14    XL:     13   Next: 9%
Magic:  16/18      EV: 26    Int: 24    God:    Okawaru [*****.]
Gold:   473        SH: 11    Dex: 15    Spells: 14/18 levels left

rFire   . . .        O - +7 hand axe "Xaez Coa" {venom, +Blink rPois Int+2 Dex+2}
rCold   . . .        X - +0 kite shield
rNeg    + . .        R - +1 robe of Generosity {rF+ rN+}
rPois   +            (helmet restricted)
rElec   .            J - +1 cloak {rCorr}
rCorr   +            U - +2 pair of gloves of Limited Liability {rF- Int+5 Stlth+}
SInv    .            (boots unavailable)
Will    .....        o - amulet of the acrobat
Stlth   +++++        w - +4 ring of slaying
HPRegen 0.32/turn    p - +5 ring of evasion
MPRegen 0.16/turn

%: acrobat
@: heroic, on blink cooldown, flying quickly and evasively, quick
A: beak, talons 3, nimble flight
a: Renounce Religion, Evoke Blink, Heroism, Finesse, Duel


You were on level 2 of the Lair of Beasts.
You worshipped Okawaru.
Okawaru was extremely pleased with you.
You visited 3 branches of the dungeon, and saw 14 of its levels.
You also visited: Bailey.

You collected 635 gold pieces.
You spent 162 gold pieces at shops.

Inventory:

Hand Weapons
 j - a +4 trident of freezing
 A - the +7 mace "Ruyd" {freeze, *Noise Str+3 Int+3}
   (You found it on level 11 of the Dungeon)

   Str:       It affects your strength (+3).
   Int:       It affects your intelligence (+3).
   *Noise:    It may make noises in combat.
 H - the +7 sling "Foucirph" {elec, Fly Will++ rCorr Str+2}
   (You found it on level 1 of the Lair of Beasts)

   Str:       It affects your strength (+2).
   Fly:       It grants you flight.
   rCorr:     It protects you from acid and corrosion.
   Will:      It greatly increases your willpower.
 O - the +7 hand axe "Xaez Coa" (weapon) {venom, +Blink rPois Int+2 Dex+2}
   (You found it on level 9 of the Dungeon)

   Int:       It affects your intelligence (+2).
   Dex:       It affects your dexterity (+2).
   rPois:     It protects you from poison.
   +Blink:    It lets you blink.
Missiles
 h - 5 poisoned darts
 x - 8 javelins
 y - 2 throwing nets
 C - 9 boomerangs (quivered)
 F - 12 atropa-tipped darts
 W - 6 datura-tipped darts
Armour
 n - a +0 pair of gloves
 D - a +2 robe of willpower
 E - +0 steam dragon scales
 J - a +1 cloak of preservation (worn)
 R - the +1 robe of Generosity (worn) {rF+ rN+}
   (You found it in a bailey)

   rF:        It protects you from fire.
   rN:        It protects you from negative energy.
 S - a +2 leather armour of cold resistance
 U - the +2 pair of gloves of Limited Liability (worn) {rF- Int+5 Stlth+}
   (You found it in a bailey)

   Int:       It affects your intelligence (+5).
   rF:        It makes you vulnerable to fire.
   Stlth:     It makes you more stealthy.
 X - a +0 kite shield (worn)
 Z - +0 acid dragon scales
Jewellery
 o - an amulet of the acrobat (around neck)
 p - a +5 ring of evasion (right hand)
 r - a ring of positive energy
 w - a +4 ring of slaying (left hand)
 M - a ring of poison resistance
 Q - a ring of protection from fire
Wands
 z - a wand of flame (84)
 I - a wand of digging (2)
 L - a wand of paralysis (13)
 N - a wand of iceblast (10)
Scrolls
 b - 3 scrolls of poison
 d - 5 scrolls of enchant weapon
 f - a scroll of acquirement
 g - 4 scrolls of magic mapping {unknown}
 i - 7 scrolls of immolation {unknown}
 l - 6 scrolls of teleportation
 m - 2 scrolls of vulnerability
 t - 2 scrolls of brand weapon
 v - a scroll of fog
 B - 3 scrolls of amnesia
 P - a scroll of blinking
 V - a scroll of fear
Potions
 a - 2 potions of invisibility
 c - a potion of ambrosia
 e - 3 potions of heal wounds
 k - 10 potions of curing
 q - 3 potions of resistance {unknown}
 s - 3 potions of haste {unknown}
 u - 5 potions of might {unknown}
 G - a potion of brilliance
 K - a potion of berserk rage {unknown}
 T - a potion of mutation {unknown}
 Y - 2 potions of lignification {unknown}


   Skills:
 + Level 7.2(12.2) Fighting
 - Level 5.8(10.8) Short Blades
 + Level 8.0(15.1) Axes
 + Level 6.0(12.9) Maces & Flails
 - Level 7.4(14.0) Polearms
 + Level 5.7(10.7) Throwing
 - Level 5.1(10.1) Armour
 + Level 8.2(13.2) Dodging
 + Level 5.0(10.0) Stealth
 * Level 3.7(8.7) Shields
 - Level 3.0 Spellcasting
 * Level 7.5 Conjurations
 - Level 1.0 Necromancy
 - Level 5.0 Air Magic
 * Level 2.9 Poison Magic
 * Level 6.6 Invocations
 * Level 4.0 Evocations


You had 14 spell levels left.
You knew the following spells:

 Your Spells              Type           Power      Damage    Failure   Level
a - Kiss of Death         Conj/Necr      96%        2d12      4%          1
b - Mephitic Cloud        Conj/Pois/Air  28%        N/A       10%         3

Your spell library contained the following spells:

 Spells                   Type           Power      Damage    Failure   Level
 Magic Dart               Conj           100%       1d8       1%          1
 Poisonous Vapours        Pois/Air       44%        N/A       8%          2
 Momentum Strike          Conj/Tloc      42%        3d9       9%          2
 Cigotuvi's Dreadful Rot  Necr/Pois/Air  34%        N/A       12%         2
 Dazzling Flash           Conj/Hex       42%        N/A       17%         3
 Hailstorm                Conj/Ice       21%        3d6       17%         3
 Freezing Cloud           Conj/Ice/Air   11%        6-21      78%         5
 Dispel Undead            Necr           8%         3d8       86%         4
 Manifold Assault         Tloc           3%         N/A       95%         4
 Silence                  Hex/Air        7%         N/A       95%         5
 Agony                    Necr           8%         N/A       99%         5
 Dispersal                Tloc           1%         N/A       100%        6
 Disjunction              Tloc           1%         N/A       100%        8
 Call Imp                 Summ           Unusable   N/A       N/A         2
 Death Channel            Necr           Unusable   N/A       N/A         6

Dungeon Overview and Level Annotations

Branches:
Dungeon (11/15)            Temple (1/1) D:4            Lair (2/5) D:11
 Spider (0/4) Lair:2          Orc (0/2) D:9          Bailey (visited)
  Swamp: Lair:2-3    Shoals: Lair:2-3

Altars:
Ashenzari
Cheibriados
Dithmenos
Elyvilon
Fedhas
Gozag
Hepliaklqana
Kikubaaqudgha
Makhleb
Nemelex Xobeh
Okawaru
Qazlal
Ru
Sif Muna
Trog
Uskayaw
Vehumet
Wu Jian
Xom
Yredelemnul
Zin
The Shining One

Shops:
D:7 (

Portals:
Trove: D:10 (give 7 scrolls of fog)

Annotations:
D:8 3 runed translucent doors


Innate Abilities, Weirdness & Mutations

You have a beak for a mouth.
You have claws for feet.
Your magical nature lets you fly swiftly and evasively.


Message History

The skyshark bites you!
The skyshark enters a blood-rage!
The skyshark tail-slaps you! x2
You completely miss the skyshark. You peck the skyshark.
The skyshark is heavily wounded.
You block the skyshark's attack.
The skyshark tail-slaps you but does no damage.
The skyshark closely misses you.
Unknown command.
You blink.
You block the skyshark's attack. The skyshark tail-slaps you!
The skyshark tail-slaps you. You block the skyshark's attack.
The skyshark closely misses you. The skyshark misses you.
Unknown command.
You gain the combat prowess of a mighty hero.
The skyshark bites you!
* * * LOW HITPOINT WARNING * * *
The skyshark barely misses you. You block the skyshark's attack.
Unknown command.
You slash the skyshark!
The skyshark looks as sick as possible!
You claw the skyshark.
The skyshark is heavily wounded.
The skyshark misses you. You block the skyshark's attack.
The skyshark tail-slaps you!
* * * LOW HITPOINT WARNING * * *
Unknown command.
Aiming: Paralyse
Press: ? - help, Shift-Dir - straight line, f - skyshark
Aim: a skyshark (severely wounded, berserk, extremely poisoned, chance to affect: 41%)
Okay, then.
Unknown command.
Unknown command.
You hit the skyshark. You claw the skyshark. Your peck misses the skyshark.
The skyshark is severely wounded.
You block the skyshark's attack. The skyshark misses you.
The skyshark tail-slaps you.
* * * LOW HITPOINT WARNING * * *
You hit the skyshark.
The skyshark looks as sick as possible!
You claw the skyshark, but do no damage.
The skyshark is severely wounded.
The skyshark bites you!
You die...

.. .. #..
#.# ##.#
#... #.##
#.@# .# .
#l.# ..# ##
##.####P..
..
#..#.#....
..
##........
..
#........
..
##........
..
#..##.##.#
..
#..##..####
##


You could see a skyshark (berserk, extremely poisoned).

Vanquished Creatures
  Erolcha (D:11)
  A boulder beetle (Lair:1)
  4 two-headed ogres
  A cyclops (D:11)
  2 manticores (D:11)
  4 elephants
  A black mamba (Lair:2)
  2 gargoyles
  2 cane toads
  2 unseen horrors
  3 komodo dragons
  2 kobold demonologists
  2 trolls
  A hornet (Lair:2)
  Prince Ribbit (D:7)
  7 blink frogs (Lair:1)
  A wraith (D:10)
  21 yaks
  2 vampires
  4 wyverns
  2 basilisks
  A redback (Lair:2)
  7 vampire mosquitoes
  A steam dragon (D:7)
  Menkaure (D:4)
  3 acid dragons
  5 water moccasins
  Duvessa (D:7)
  6 orc warriors
  An ice beast (D:6)
  2 sky beasts (D:7)
  An ogre (D:4)
  3 black bears
  5 centaurs
  2 phantoms
  10 bullfrogs
  5 gnoll sergeants
  3 scorpions
  16 wights
  Dowan (D:7)
  5 killer bees (D:9)
  5 electric eels (D:11)
  5 wolf zombies (Bailey)
  3 howler monkeys
  7 vampire bats (Bailey)
  A jelly (D:7)
  Crazy Yiuf (D:7)
  6 orc priests
  A gnoll bouda (D:6)
  3 hounds
  2 iguanas
  13 orc wizards
  4 hell rats (Lair:2)
  24 gnolls
  9 adders
  21 orc zombies (Bailey)
  4 shadow imps (D:6)
  A white imp (D:6)
  An ufetubus (D:7)
  2 worms
  2 dart slugs
  48 orcs
  7 endoplasms
  5 giant cockroaches
  10 goblins
  2 hobgoblins
  12 jackals
  5 quokkas
  9 ball pythons
  3 bats
  12 frilled lizards
  2 kobolds
  2 rats
377 creatures vanquished.

Notes
Turn   | Place    | Note
-------+----------+-------------------------------------------
     0 | D:1      | monsoonserge the Tengu Reaver began the quest for the Orb.
     0 | D:1      | Reached XP level 1. HP: 12/12 MP: 4/4
   284 | D:1      | Reached XP level 2. HP: 16/17 MP: 6/6
   438 | D:1      | Reached XP level 3. HP: 10/22 MP: 7/7
   439 | D:1      | Reached skill level 1 in Short Blades
   804 | D:2      | Reached skill level 1 in Armour
   951 | D:2      | Reached XP level 4. HP: 26/27 MP: 8/8
  1015 | D:2      | Reached skill level 1 in Necromancy
  1218 | D:3      | Found a shimmering altar of Xom.
  1597 | D:3      | Found a hide-covered altar of Uskayaw.
  1949 | D:4      | Found a staircase to the Ecumenical Temple.
  1957 | Temple   | Entered the Ecumenical Temple
  2257 | Temple   | Became a worshipper of Warmaster Okawaru
  2388 | D:4      | Noticed a bullfrog
  2393 | D:4      | Killed a bullfrog
  2394 | D:4      | Gained mutation: Your magical nature lets you fly swiftly
                  | and evasively. [Tengu growth]
  2394 | D:4      | Reached XP level 5. HP: 28/31 MP: 9/9
  2484 | D:4      | Noticed an ogre
  2494 | D:4      | Killed an ogre
  2495 | D:4      | Reached XP level 6. HP: 25/34 MP: 7/10
  2880 | D:4      | Noticed Menkaure
  2889 | D:4      | Killed Menkaure
  2889 | D:4      | Reached * piety under Okawaru
  2890 | D:4      | Reached skill level 1 in Invocations
  2890 | D:4      | Reached XP level 7. HP: 16/37 MP: 8/11
  3291 | D:5      | Entered Level 5 of the Dungeon
  3739 | D:5      | Reached XP level 8. HP: 43/46 MP: 12/12
  3943 | D:5      | Reached ** piety under Okawaru
  4277 | D:5      | Reached skill level 5 in Dodging
  4710 | D:6      | Reached skill level 1 in Throwing
  4715 | D:6      | Reached skill level 5 in Short Blades
  4785 | D:6      | Found a transporter.
  4798 | D:6      | Found a transporter.
  4895 | D:6      | Reached XP level 9. HP: 47/52 MP: 13/13
  4928 | D:6      | Identified the +0 hand axe of the Mushroom {holy, rF+
                  | Dex+2}
  4985 | D:6      | Noticed a kobold demonologist
  5037 | D:6      | Reached *** piety under Okawaru
  5114 | D:6      | Reached skill level 1 in Polearms
  5495 | D:7      | Noticed Duvessa
  5497 | D:7      | Noticed Dowan
  5504 | D:7      | Killed Duvessa
  5515 | D:7      | Killed Dowan
  5515 | D:7      | Received a gift from Okawaru
  5851 | D:7      | Found Lishrepu's Antique Weapon Boutique.
  5869 | D:7      | Reached skill level 5 in Polearms
  5890 | D:7      | Bought a pitted sling for 162 gold pieces
  5890 | D:7      | Identified the +4 sling of the Mind {elec, +Blink rF+
                  | Int+4} (You bought it in a shop on level 7 of the Dungeon)
  5941 | D:7      | Noticed Prince Ribbit
  5954 | D:7      | Killed Prince Ribbit
  6118 | D:7      | Reached XP level 10. HP: 58/58 MP: 14/14
  6138 | D:7      | Found an opulent altar of Gozag.
  6138 | D:7      | Found a glowing golden altar of the Shining One.
  6242 | D:7      | Found a runed translucent door.
  6243 | D:7      | Noticed Crazy Yiuf
  6249 | D:7      | Killed Crazy Yiuf
  6460 | D:7      | Learned a level 3 spell: Mephitic Cloud
  6479 | D:8      | Reached **** piety under Okawaru
  6489 | D:7      | Reached skill level 1 in Air Magic
  6616 | D:8      | Found a runed translucent gate.
  6618 | D:8      | Noticed a green ugly thing
  6618 | D:8      | Noticed a brown ugly thing
  6822 | D:8      | Reached skill level 5 in Conjurations
  6861 | D:8      | Reached skill level 1 in Poison Magic
  7046 | D:8      | Reached skill level 5 in Fighting
  7054 | D:8      | Noticed a cyan ugly thing
  7056 | D:8      | Noticed a red ugly thing
  7056 | D:8      | Noticed a cyan ugly thing
  7057 | D:8      | Found a runed translucent gate.
  7058 | D:8      | Found a runed translucent gate.
  7199 | D:9      | Noticed a two-headed ogre
  7389 | D:9      | Killed a two-headed ogre
  7389 | D:9      | Received a gift from Okawaru
  7508 | D:9      | Found an ancient bone altar of Kikubaaqudgha.
  7508 | D:9      | Identified the +7 hand axe "Xaez Coa" {venom, +Blink rPois
                  | Int+2 Dex+2}
  7748 | D:9      | Reached skill level 5 in Throwing
  7827 | D:9      | Noticed a two-headed ogre
  7835 | D:9      | Killed a two-headed ogre
  7836 | D:9      | Reached skill level 1 in Axes
  7836 | D:9      | Reached XP level 11. HP: 62/64 MP: 16/16
  8086 | D:9      | Received a gift from Okawaru
  8122 | D:9      | Found a staircase to the Orcish Mines.
  8179 | D:9      | Reached ***** piety under Okawaru
  8739 | D:10     | Entered Level 10 of the Dungeon
  8773 | D:10     | Reached skill level 5 in Invocations
  8791 | D:10     | Reached skill level 5 in Maces & Flails
  8837 | D:10     | Found a flagged portal.
  8855 | Bailey   | Entered a bailey
  9366 | Bailey   | Identified the +1 robe of Generosity {rF+ rN+}
  9373 | Bailey   | Identified the +2 pair of gloves of Limited Liability {rF-
                  | Int+5 Stlth+}
  9601 | D:10     | Noticed a two-headed ogre
  9611 | D:10     | Killed a two-headed ogre
  9612 | D:10     | Reached skill level 5 in Axes
  9912 | D:10     | Found a portal to a secret trove of treasure.
 10883 | D:11     | Identified the +7 mace "Ruyd" {freeze, *Noise Str+3 Int+3}
 10894 | D:11     | Found a staircase to the Lair.
 10911 | D:11     | Reached skill level 1 in Shields
 10927 | D:11     | Noticed a two-headed ogre
 10942 | D:11     | Reached XP level 12. HP: 42/71 MP: 17/17
 10947 | D:11     | Killed a two-headed ogre
 10948 | D:11     | Reached skill level 1 in Evocations
 11209 | D:11     | Found a snail-covered altar of Cheibriados.
 11239 | D:11     | Noticed Erolcha
 11257 | D:11     | Killed Erolcha
 11945 | D:11     | Received a gift from Okawaru
 12679 | Lair:1   | Entered Level 1 of the Lair of Beasts
 12713 | Lair:1   | Received a gift from Okawaru
 12717 | Lair:1   | Reached skill level 5 in Armour
 12949 | Lair:1   | Received a gift from Okawaru
 12993 | Lair:1   | Noticed a boulder beetle
 13019 | Lair:1   | Killed a boulder beetle
 13119 | Lair:1   | Identified the +7 sling "Foucirph" {elec, Fly Will++ rCorr
                  | Str+2}
 13701 | Lair:2   | Found a hole to the Spider Nest.
 13794 | Lair:2   | Identified a scroll of acquirement
 13797 | Lair:2   | Identified the +0 hat of Youthful Indiscretion {Fly}
 13893 | Lair:2   | Reached XP level 13. HP: 53/76 MP: 14/18
 13894 | Lair:2   | Reached skill level 5 in Stealth
 13902 | Lair:2   | Reached skill level 5 in Air Magic
 14112 | Lair:2   | HP: 2/76 [skyshark (5)]
 14113 | Lair:2   | Demolished by a skyshark

Illustrated notes

Levels and vault maps discovered:
D:1:      minmay_arrival_widening_spiral_narrow, layout_basic
D:2:      layout_rooms, minmay_lizard_pond
D:3:      minmay_evil_eye, layout_basic, lemuel_coloured_pillars_altar,
          nicolae_uskayaw_suspiria
D:4:      minmay_inner_zag, layout_gridville, minmay_temple_entry_arrows,
          serial_glass, glass_columns_b, glass_columns_a,
          minmay_strange_pillars, minmay_strange_pillars,
          minmay_strange_pillars, due_unseen_surprise, minmay_surrounded,
          uniq_menkaure
D:5:      layout_loops_corners, serial_rivers, chequers_serial_rivers_small_b,
          chequers_serial_rivers_micro_e, chequers_serial_rivers_micro_e,
          chequers_serial_rivers_micro_b, chequers_serial_rivers_marsh,
          chequers_serial_rivers_small_3, serial_bayou_lagoon_b
D:6:      gammafunk_wand_slinger, layout_rooms
D:7:      layout_loops_ring, gammafunk_temple_overflow_statue, serial_shops,
          nicolae_shop_temple_entry_statues_fountains, uniq_duvessa,
          uniq_crazy_yiuf_cottage, uniq_prince_ribbit1
D:8:      layout_basic, ploomutoo_gammafunk_ghost_potion_laboratory
D:9:      layout_big_octagon, mainiacjoe_overflow_cross_hatched,
          hiddenorc1_lemuel
D:10:     layout_loops_corners, nicolae_trove_entry_crystal, enter_bailey_2
D:11:     kennysheep_six_static_rooms, layout_basic, david_lair_generic,
          cheibrodos_worm_habitat, uniq_erolcha
Temple:   minmay_temple_bridge_d
Lair:1:   layout_roguey
Lair:2:   layout_regular_city, spider_nest_entry_rubble, lemuel_fruit_fields

Skill      XL: |  1  2  3  4  5  6  7  8  9 10 11 12 13 |
---------------+----------------------------------------+-----
Short Blades   | 1 2 3 4 5 |  5.8
Armour         | 1 2 3 4 5 |  5.1
Necromancy     | 1 |  1.0
Dodging        | 3 4 5 6 7 8 |  8.2
Invocations    | 1 2 4 5 6 |  6.6
Fighting       | 3 4 5 6 7 |  7.2
Stealth        | 2 3 4 5 |  5.0
Throwing       | 2 4 5 |  5.7
Polearms       | 5 7 |  7.4
Air Magic      | 3 4 5 |  5.0
Conjurations   | 6 7 |  7.5
Poison Magic   | 2 |  2.9
Spellcasting   | 3 |  3.0
Axes           | 1 6 7 8 |  8.0
Maces & Flails | 4 6 |  6.0
Shields        | 1 3 |  3.7
Evocations     | 3 4 |  4.0

Action                     |  1- 3 |  4- 6 |  7- 9 | 10-12 | 13-15 || total
---------------------------+-------+-------+-------+-------+-------++-------
  Melee: Dagger            |    76 |    33 |       |       |       ||   109
         Mace              |     3 |       |       |       |       ||     3
         Kick              |    15 |    31 |    52 |   228 |    14 ||   340
         Peck              |    11 |    11 |    26 |   159 |     6 ||   213
         Punch             |     1 |       |       |       |       ||     1
         Short sword       |       |    69 |    65 |       |       ||   134
         Flail             |       |    14 |       |       |       ||    14
         Trident           |       |       |    86 |   103 |       ||   189
         Hand axe          |       |       |       |   468 |    20 ||   488
  Throw: Dart              |       |       |    30 |    12 |       ||    42
         Javelin           |       |       |    10 |       |       ||    10
         Boomerang         |       |       |       |    39 |       ||    39
   Cast: Kiss of Death     |       |     4 |       |     1 |       ||     5
         Mephitic Cloud    |       |       |       |     3 |       ||     3
 Invoke: Heroism           |       |       |       |     8 |     1 ||     9
         Finesse           |       |       |       |     3 |       ||     3
Ability: Evoke Blink       |       |       |       |       |     1 ||     1
  Evoke: Wand              |       |       |       |     1 |       ||     1
    Use: Potion            |       |     1 |       |     5 |       ||     6
         Scroll            |       |       |     5 |    14 |       ||    19
   Stab: Sleeping          |       |       |       |    10 |     1 ||    11
         Confused          |       |       |       |     6 |       ||     6
         Distracted        |       |       |       |     1 |       ||     1
 Armour: Leather armour    |    23 |    24 |     8 |       |       ||    55
         Robe              |       |       |     4 |     8 |     2 ||    14
         Steam dragon scal |       |       |     3 |    65 |       ||    68
         Acid dragon scale |       |       |       |    12 |       ||    12
  Dodge: Dodged            |    49 |    72 |    67 |   435 |    20 ||   643
  Block: Kite shield       |       |       |       |    94 |    16 ||   110
